 Dungeon Crawl Stone Soup version 0.28.0-53-g5a82cb258f (webtiles) character file.

Game seed: 11822235155091331768

92174 issech the Fencer (level 15, -2/126 HPs)
             Began as a Minotaur Monk on May 28, 2022.
             Was the Champion of Hepliaklqana.
             Killed from afar by a deep elf zephyrmancer (35 damage)
             ... with a bolt of lightning
             ... led by a deep elf high priest
             ... on level 2 of the Elven Halls on May 29, 2022.
             The game lasted 02:05:04 (26748 turns).

issech the Fencer (Minotaur Monk)                  Turns: 26748, Time: 02:05:04

Health: -2/126     AC: 45    Str: 26    XL:     15   Next: 57%
Magic:  14/14      EV: 12    Int:  3    God:    Hepliaklqana [******]
Gold:   1115       SH: 27    Dex: 25    Spells: 14/14 levels left

rFire   + . .      SeeInvis .   J - +8 long sword "Qela" {protect, Dex+2}
rCold   x . .      Faith    .   l - +2 tower shield
rNeg    . . .      Spirit   .   g - +6 crystal plate armour of the Undertaker {rC- rCorr Str+4 Dex+2}
rPois   .          Reflect  +   (helmet restricted)
rElec   .          Harm     .   V - +2 cloak
rCorr   +          Rampage  +   P - +0 pair of gloves
Will    +....                   H - +1 pair of boots {Fly}
Stlth   ..........              v - amulet of Jedasur {Reflect Rampage +Inv Int-4 Dex+7 SH+5}
HPRegen 0.31/turn               R - ring of protection from fire
MPRegen 0.14/turn               w - +4 ring of evasion

@: under a protective aura, flying, studying 2 skills
A: reduced essence, horns 2, retaliatory headbutt
a: Renounce Religion, Evoke Invisibility, Recall Ancestor, Ancestor Identity,
Transference, Idealise


You were on level 2 of the Elven Halls.
You worshipped Hepliaklqana.
Hepliaklqana was exalted by your worship.
You visited 4 branches of the dungeon, and saw 20 of its levels.
You also visited: Ossuary.

You collected 2766 gold pieces.
You spent 1651 gold pieces at shops.

Inventory:

Hand Weapons
 q - a +2 shortbow of flaming
 y - a +1 eveningstar of protection
 z - the +7 morningstar "Piqymoil" {flame, *Noise rPois rC+ Stlth+}
   (You found it on level 12 of the Dungeon)

   It burns those it strikes, dealing additional fire damage.
   rC:        It protects you from cold.
   rPois:     It protects you from poison.
   *Noise:    It may make noises in combat.
   Stlth:     It makes you more stealthy.
 J - the +8 long sword "Qela" (weapon) {protect, Dex+2}
   (You found it on level 6 of the Dungeon)

   It grants its wielder temporary protection when it strikes (+7 to AC).
   Dex:       It affects your dexterity (+2).
 Z - the +8 hand axe "Cutoi" {drain, rElec}
   (You found it on level 12 of the Dungeon)

   A truly terrible weapon, it drains the life of any living foe it strikes.
   rElec:     It insulates you from electricity.
Missiles
 a - 4 atropa-tipped darts
 d - 27 poisoned darts
 h - a silver boomerang
 n - 608 stones
 r - a boomerang of dispersal
 s - 603 arrows
 D - 72 bolts
 K - a throwing net
 O - 72 sling bullets
 S - 16 boomerangs (quivered)
Armour
 g - the +6 crystal plate armour of the Undertaker (worn) {rC- rCorr Str+4 Dex+2}
   (You acquired it on level 14 of the Dungeon)

   Str:       It affects your strength (+4).
   Dex:       It affects your dexterity (+2).
   rC:        It makes you vulnerable to cold.
   rCorr:     It protects you from acid and corrosion.
 l - a +2 tower shield (worn)
 H - a +1 pair of boots of flying (worn)
 L - the +0 pair of boots of Crawling {rPois rCorr}
   (You found it on level 11 of the Dungeon)

   rPois:     It protects you from poison.
   rCorr:     It protects you from acid and corrosion.
 P - a +0 pair of gloves (worn)
 U - a +4 plate armour of willpower
 V - a +2 cloak (worn)
Jewellery
 f - the necklace of Bloodlust {*Rage Will++ Int-3 Slay+6}
   (You found it on level 1 of the Elven Halls)

   [amulet of nothing]

   It extends the wearer's berserk rage when killing foes.
   Int:       It affects your intelligence (-3).
   Slay:      It affects your accuracy & damage with ranged weapons and melee
   (+6).
   *Rage:     It berserks you when you make melee attacks (+50% chance).
   Will:      It greatly increases your willpower.
 v - the amulet of Jedasur (around neck) {Reflect Rampage +Inv Int-4 Dex+7 SH+5}
   (You bought it in a shop on level 5 of the Dungeon)

   [amulet of reflection]

   It reflects blocked missile attacks.
   Int:       It affects your intelligence (-4).
   Dex:       It affects your dexterity (+7).
   +Inv:      It lets you turn invisible.
   SH:        It affects your SH (+5).
   Rampage:   It bestows one free step when moving towards enemies.
 w - a +4 ring of evasion (right hand)
 F - a +4 ring of protection
 G - a +4 ring of protection
 M - the ring "Palur" {+Blink Will- Str+6 Int+6 Stlth+}
   (You found it on level 12 of the Dungeon)

   [ring of intelligence]

   Str:       It affects your strength (+6).
   Int:       It affects your intelligence (+6).
   +Blink:    It lets you blink.
   Will:      It decreases your willpower.
   Stlth:     It makes you more stealthy.
 Q - a ring of poison resistance
 R - a ring of protection from fire (left hand)
Wands
 t - a wand of flame (13)
 x - a wand of charming (3)
 I - a wand of digging (3)
 N - a wand of paralysis (8)
 T - a wand of acid (7)
 W - a wand of polymorph (10)
 X - a wand of iceblast (6)
Scrolls
 c - 8 scrolls of teleportation
 e - 2 scrolls of fear
 k - 3 scrolls of magic mapping
 o - 3 scrolls of fog
 u - a scroll of blinking
 A - 3 scrolls of enchant weapon
 C - 2 scrolls of summoning
Potions
 b - a potion of resistance
 i - 2 potions of mutation
 j - 9 potions of curing
 m - 5 potions of heal wounds
 p - a potion of invisibility
 B - a potion of haste
 E - 2 potions of might
 Y - a potion of ambrosia


   Skills:
 + Level 15.5 Fighting
 + Level 18.4 Long Blades
 + Level 10.8 Axes
 + Level 4.3 Throwing
 + Level 16.1 Armour
 + Level 7.9 Dodging
 + Level 6.5 Stealth
 + Level 11.1 Shields


You had 14 spell levels left.
You didn't know any spells.
Your spell library contained the following spells:

 Spells                   Type           Power      Damage    Failure   Level
 Corpse Rot               Necr/Air       0%         N/A       100%        2
 Ensorcelled Hibernation  Hex/Ice        0%         N/A       100%        2
 Passwall                 Tmut/Erth      0%         N/A       100%        2
 Gell's Gravitas          Tloc           0%         N/A       100%        3
 Inner Flame              Hex/Fire       0%         N/A       100%        3
 Lesser Beckoning         Tloc           0%         N/A       100%        3
 Swiftness                Air            0%         N/A       100%        3
 Teleport Other           Tloc           0%         N/A       100%        3
 Tukima's Dance           Hex            0%         N/A       100%        3
 Animate Dead             Necr           0%         N/A       100%        4
 Cause Fear               Hex            0%         N/A       100%        4
 Dispel Undead            Necr           0%         3d6       100%        4
 Leda's Liquefaction      Hex/Erth       0%         N/A       100%        4
 Passage of Golubria      Tloc           0%         N/A       100%        4
 Lee's Rapid Deconstruct  Erth           0%         3d5*      100%        5
 Yara's Violent Unravell  Hex/Tmut       0%         3d3       100%        5
 Death Channel            Necr           0%         N/A       100%        6
 Statue Form              Tmut/Erth      0%         N/A       100%        6
 Haunt                    Necr/Summ      0%         N/A       100%        7
 Discord                  Hex            0%         N/A       100%        8
 Infestation              Necr           0%         N/A       100%        8


Dungeon Overview and Level Annotations

Branches:
Dungeon (15/15)            Temple (1/1) D:6            Lair (0/6) D:10
    Orc (2/2) D:12            Elf (2/3) Orc:2        Vaults (0/5) D:14
 Depths (0/4) D:15        Ossuary (visited)

Altars:
Ashenzari
Cheibriados
Dithmenos
Elyvilon
Fedhas
Gozag
Hepliaklqana
Kikubaaqudgha
Makhleb
Nemelex Xobeh
Okawaru
Qazlal
Ru
Sif Muna
Trog
Uskayaw
Vehumet
Wu Jian
Xom
Yredelemnul
Zin
The Shining One
Beogh

Shops:
D:1 !   D:2 *   D:5 [=   D:10 *   D:11 *   Orc:2 [:?(

Annotations:
D:8 exclusion: orange crystal statue
D:9 1 runed translucent door, reptisaurus's ghost, novice DgAM
Elf:1 6 runed translucent doors


Innate Abilities, Weirdness & Mutations

Your life essence is reduced to manifest your ancestor. (-10% HP)
You have a pair of horns on your head.
You reflexively headbutt those who attack you in melee.


Message History

Namzu misses something.
You feel much better.
You hear some strange, mumbled words.
The deep elf high priest barely misses you.
Namzu hits something with a +0 quarterstaff!
The deep elf zephyrmancer casts a spell.
The deep elf zephyrmancer blinks!
You closely miss the deep elf high priest.
The deep elf high priest is moderately wounded.
You block something's attack.
You block the deep elf high priest's attack.
Something hits you but does no damage.
The deep elf zephyrmancer points at you and mumbles some strange words.
The bolt of lightning hits something!
The bolt of lightning hits you!
Namzu points at the deep elf high priest and mumbles some strange words.
The bolt of magma hits something!!
You hit the deep elf high priest. You headbutt the deep elf high priest!
The deep elf high priest is heavily wounded.
A shard of ice appears from out of thin air!
The shard of ice hits Namzu!!
Namzu partially resists.
You block the deep elf high priest's attack.
The deep elf zephyrmancer points at you and mumbles some strange words.
The bolt of lightning hits something!!
Reactivating autopickup.
You feel a bit more experienced. The bolt of lightning hits you!!
* * * LOW HITPOINT WARNING * * *
Namzu completely misses the deep elf high priest.
You slash the deep elf high priest!
You headbutt the deep elf high priest, but do no damage.
The deep elf high priest is severely wounded.
The deep elf high priest utters a dark prayer and points at you.
Your life force is offered up.
* * * LOW HITPOINT WARNING * * *
The deep elf high priest is healed.
You feel much better.
Namzu hits the deep elf high priest with a +0 quarterstaff!
The deep elf zephyrmancer casts a spell at you.
The bolt of lightning hits you!!
You die...

#....###......>....>.)...)#.#.#.
#...## #..#######.......)..)....
#..## #..# #.#######.#.#.#. #.##
#..# #+## #....... ### #.)#
##...## #.#.#.#. #.)# ##.....##
#....... #..# #......e# #.######
#).####.......+ ...#
#)....')@)..<.+....#
########..####.Re...####
#.<..|.?..# ##....## #......)..#
##..## ########..######+##
#......... #......... #.)######.
#''#


You could see the friendly Namzu the battlemage, a deep elf high priest
(brilliance aura, ally target) and a deep elf zephyrmancer (empowered).

Vanquished Creatures
  A stone giant (D:9)
  A dire elephant (D:15)
  Azrael (D:14)
  A fire dragon (D:15)
  A great orb of eyes (D:15)
  3 deep elf high priests (Elf:1)
  3 boulder beetles
  4 ogre magi
  3 centaur warriors
  9 dancing weapons
  17 two-headed ogres
  2 orc high priests
  6 deep elf knights
  6 skeletal warriors
  8 deep elf archers
  11 deep elf pyromancers
  3 orc knights
  4 deep elf zephyrmancers
  10 ugly things
  5 orc sorcerers (Orc:2)
  An oklob plant (D:10)
  4 manticores
  5 cyclopes
  A black mamba (shapeshifter) (Elf:1)
  2 gargoyles
  Maggie (D:8)
  Psyche (D:8)
  A tengu conjurer (D:14)
  3 efreet
  3 demonic crawlers (Elf:1)
  6 trolls
  2 air elementals (Elf:1)
  3 wraiths
  A yak (shapeshifter) (Elf:1)
  A wyvern (D:10)
  8 yaks
  Eustachio (D:3)
  A fire elemental (D:14)
  3 hogs (D:11)
  A basilisk (D:14)
  4 vampire mosquitoes
  2 wargs (Orc:1)
  Edmund (D:6)
  A swamp worm (D:12)
  2 hell hounds (D:14)
  Duvessa (D:4)
  14 orc warriors
  3 black bears
  A hornet zombie (D:8)
  2 necrophages (D:5)
  8 ogres
  5 centaurs
  A phantom (D:4)
  A bullfrog (D:8)
  2 kobold brigands
  A wyvern zombie (D:8)
  5 scorpions
  2 water moccasin zombies (Ossuary)
  Dowan (D:4)
  24 killer bees
  3 howler monkeys
  An electric eel (D:9)
  4 centaur zombies
  2 hounds
  A jelly (D:4)
  14 orc priests
  Crazy Yiuf (D:7)
  4 iguanas
  4 centaur skeletons
  Natasha (thrice) (D:3)
  24 orc wizards
  A hound skeleton (D:4)
  2 mummies (Ossuary)
  A howler monkey zombie (D:8)
  Robin (D:3)
  5 adders
  2 ufetubi
  4 adder zombies (Ossuary)
  3 adder skeletons (D:4)
  A worm (D:2)
  3 dart slugs
  58 orcs
  4 bats
  7 endoplasms
  3 giant cockroaches
  15 goblins
  11 hobgoblins
  3 jackals
  15 kobolds
  7 quokkas
  11 ball pythons
  2 frilled lizards
  8 gnoll zombies (Ossuary)
  4 hobgoblin zombies (Ossuary)
  2 kobold zombies (Ossuary)
  4 orc zombies (Ossuary)
  4 rats
  2 bushes (D:15)
  4 toadstools (D:1)
477 creatures vanquished.

Vanquished Creatures (collateral kills)
  A deep elf elementalist (Elf:1)
  Louise (Elf:2)
  A boulder beetle (D:14)
  A hydra (D:14)
  A vault guard (D:14)
  A catoblepas (D:15)
  A centaur warrior (D:13)
  3 two-headed ogres
  A death yak (shapeshifter) (Elf:1)
  A dancing weapon (Elf:2)
  An orc high priest (Orc:2)
  2 deep elf knights (Elf:1)
  A skeletal warrior (D:15)
  5 deep elf zephyrmancers
  2 deep elf pyromancers (Elf:2)
  2 deep elf archers (Elf:2)
  4 ugly things
  4 orc sorcerers (Orc:2)
  A salamander (D:15)
  An unseen horror (shapeshifter) (D:14)
  A demonic crawler (D:12)
  A troll (D:9)
  An air elemental (Elf:2)
  2 shadows
  A wraith (D:12)
  A vampire (D:13)
  5 yaks
  A human (D:11)
  A steam dragon (D:8)
  A hog (D:11)
  3 vampire mosquitoes
  A warg (Orc:2)
  A hell hound (D:14)
  A swamp worm (D:12)
  3 orc warriors
  2 ogres
  A phantom (D:7)
  A centaur (D:8)
  An earth elemental (Elf:1)
  6 killer bees
  An electric eel (D:15)
  A centaur zombie (D:9)
  An orc priest (Elf:1)
  An iguana (D:7)
  14 orc wizards
  A killer bee zombie (D:7)
  An adder (D:6)
  A white imp (D:8)
  23 orcs
  2 kobolds
  2 bushes (D:15)
118 creatures vanquished.

Vanquished Creatures (others)
  A deep elf knight (Elf:2)
  A shadow wraith (D:14)
  An orc priest (Elf:1)
  18 battlemagi
  An orc (Elf:1)
  A bush (D:15)
  2 fungi (D:2)
  22 plants
47 creatures vanquished.

Grand Total: 642 creatures vanquished

Notes
Turn   | Place    | Note
-------+----------+-------------------------------------------
     0 | D:1      | issech the Minotaur Monk began the quest for the Orb.
     0 | D:1      | Reached XP level 1. HP: 19/19 MP: 0/0
   174 | D:1      | Reached XP level 2. HP: 22/27 MP: 1/1
   660 | D:1      | Found Zaoqesywn's Distillery.
  1014 | D:2      | Found a sparkling altar of Nemelex Xobeh.
  1177 | D:2      | Reached XP level 3. HP: 22/34 MP: 2/2
  1446 | D:2      | Found a faded altar of an unknown god.
  1664 | D:2      | Found Torriq's Assorted Antiques.
  2446 | D:3      | Reached XP level 4. HP: 41/41 MP: 3/3
  2478 | D:3      | Noticed Robin
  2684 | D:3      | Reached skill level 1 in Armour
  2692 | D:3      | Killed Robin
  2953 | D:3      | Noticed Natasha
  2971 | D:3      | Killed Natasha
  3288 | D:3      | Reached XP level 5. HP: 46/47 MP: 4/4
  3411 | D:3      | Noticed Natasha
  3414 | D:3      | Killed Natasha
  3415 | D:3      | Reached skill level 5 in Axes
  3531 | D:3      | Noticed Natasha
  3539 | D:3      | Killed Natasha
  3745 | D:3      | Found a white marble altar of Elyvilon.
  3823 | D:4      | Noticed Eustachio
  3945 | D:3      | Killed Eustachio
  3946 | D:3      | Reached skill level 5 in Fighting
  3946 | D:3      | Reached XP level 6. HP: 42/56 MP: 5/5
  4173 | D:4      | Noticed Duvessa
  4174 | D:4      | Noticed Dowan
  4197 | D:4      | HP: 1/56 [Duvessa/+0 short sword (6)]
  4204 | D:4      | Killed Duvessa
  4205 | D:4      | Reached XP level 7. HP: 10/61 MP: 6/6
  4221 | D:4      | Killed Dowan
  4222 | D:4      | Reached skill level 5 in Armour
  5067 | D:4      | Reached XP level 8. HP: 40/70 MP: 7/7
  5429 | D:4      | Found a burning altar of Makhleb.
  5728 | D:5      | Entered Level 5 of the Dungeon
  5793 | D:5      | Found a bloodstained altar of Trog.
  5847 | D:5      | Found Foitsema's Antique Armour Boutique.
  5890 | D:5      | Found a sand-covered staircase.
  5902 | Ossuary  | Entered an ossuary
  6347 | D:5      | Found Utammuuth's Jewellery Shop.
  6357 | D:5      | Bought the amulet of Jedasur {Reflect Rampage +Inv Int-4
                  | Dex+7 SH+5} for 503 gold pieces
  6375 | D:5      | Reached skill level 5 in Dodging
  7078 | D:6      | Reached skill level 10 in Axes
  7119 | D:6      | Found a staircase to the Ecumenical Temple.
  7128 | Temple   | Entered the Ecumenical Temple
  7300 | Temple   | Became a worshipper of Hepliaklqana the Forgotten
  7300 | Temple   | Reached * piety under Hepliaklqana
  7300 | Temple   | Reached ** piety under Hepliaklqana
  7301 | Temple   | Remembered your ancestor Namzu as a battlemage
  7609 | D:6      | Noticed Edmund
  7612 | D:6      | Identified the +8 long sword "Qela" {protect, Dex+2}
  7624 | D:6      | Killed Edmund
  7625 | D:6      | Reached XP level 9. HP: 62/71 MP: 8/8
  8085 | D:7      | Reached skill level 1 in Shields
  8137 | D:7      | Reached skill level 1 in Long Blades
  8246 | D:7      | Found a runed translucent door.
  8247 | D:7      | Noticed Crazy Yiuf
  8253 | D:7      | Killed Crazy Yiuf
  8402 | D:7      | Reached skill level 2 in Long Blades
  8822 | D:8      | Reached skill level 3 in Long Blades
  8990 | D:8      | Noticed Psyche
  8999 | D:8      | Killed Psyche
  9000 | D:8      | Reached skill level 4 in Long Blades
  9146 | D:8      | Reached skill level 5 in Long Blades
  9166 | D:8      | Noticed a troll
  9166 | D:8      | Noticed a cyclops
  9170 | D:8      | Killed a troll
  9171 | D:8      | Reached skill level 6 in Long Blades
  9173 | D:8      | Killed a cyclops
  9174 | D:8      | Reached XP level 10. HP: 73/79 MP: 9/9
  9252 | D:8      | Noticed a deep elf pyromancer
  9252 | D:8      | Noticed a manticore
  9255 | D:8      | Killed a deep elf pyromancer
  9256 | D:8      | Reached skill level 7 in Long Blades
  9260 | D:8      | Killed a manticore
  9386 | D:8      | Reached skill level 8 in Long Blades
  9418 | D:8      | Noticed a two-headed ogre
  9418 | D:8      | Noticed a centaur warrior
  9418 | D:8      | Noticed a manticore
  9429 | D:8      | Killed a centaur warrior
  9434 | D:8      | Killed a manticore
  9435 | D:8      | Reached skill level 9 in Long Blades
  9786 | D:8      | Killed a two-headed ogre
  9817 | D:8      | Reached *** piety under Hepliaklqana
 10055 | D:8      | Found a sparkling altar of Nemelex Xobeh.
 10320 | D:8      | Noticed an orange crystal statue
 10371 | D:8      | Noticed Maggie
 10383 | D:8      | Killed Maggie
 10783 | D:9      | Reached skill level 10 in Armour
 10787 | D:9      | Reached XP level 11. HP: 83/85 MP: 10/10
 10818 | D:9      | Noticed a two-headed ogre
 10825 | D:9      | Killed a two-headed ogre
 10866 | D:9      | Found a glowing silver altar of Zin.
 10927 | D:9      | Found a runed translucent door.
 10927 | D:9      | Noticed reptisaurus's ghost (novice DgAM)
 10928 | D:9      | Noticed a deep elf pyromancer
 10939 | D:9      | Reached skill level 1 in Throwing
 11119 | D:9      | Reached skill level 10 in Long Blades
 11278 | D:9      | Noticed a stone giant
 11339 | D:9      | Killed a stone giant
 11743 | D:10     | Entered Level 10 of the Dungeon
 11756 | D:10     | Noticed a two-headed ogre
 11768 | D:10     | Killed a two-headed ogre
 11846 | D:10     | Noticed a two-headed ogre
 11852 | D:10     | Killed a two-headed ogre
 11853 | D:10     | Reached skill level 11 in Long Blades
 11993 | D:10     | Found a broken altar of Ashenzari.
 12342 | D:10     | Found a staircase to the Lair.
 12355 | D:10     | Noticed an oklob plant
 12383 | D:10     | Killed an oklob plant
 12494 | D:10     | Noticed a two-headed ogre
 12501 | D:10     | Killed a two-headed ogre
 12526 | D:10     | Found Xaleh Punn's General Store.
 12851 | D:11     | Reached **** piety under Hepliaklqana
 12963 | D:11     | Reached skill level 12 in Long Blades
 12967 | D:11     | Reached skill level 5 in Shields
 12971 | D:11     | Found Goill's General Store.
 12994 | D:11     | Bought a scroll of identify for 28 gold pieces
 13082 | D:11     | Identified the +0 pair of boots of Crawling {rPois rCorr}
 13121 | D:11     | Noticed a two-headed ogre
 13127 | D:11     | Killed a two-headed ogre
 13134 | D:11     | Noticed a two-headed ogre
 13143 | D:11     | Killed a two-headed ogre
 13535 | D:11     | Noticed a red ugly thing
 13542 | D:11     | Killed a red ugly thing
 13543 | D:11     | Reached skill level 10 in Fighting
 13543 | D:11     | Reached XP level 12. HP: 95/95 MP: 11/11
 14296 | D:12     | Reached skill level 13 in Long Blades
 14301 | D:12     | Identified the +8 hand axe "Cutoi" {drain, rElec}
 14303 | D:12     | Identified the +7 morningstar "Piqymoil" {flame, *Noise
                  | rPois rC+ Stlth+}
 14687 | D:12     | Reached ***** piety under Hepliaklqana
 14736 | D:12     | Identified the ring "Palur" {+Blink Will- Str+6 Int+6
                  | Stlth+}
 14829 | D:12     | Found a staircase to the Orcish Mines.
 14942 | D:13     | Noticed a two-headed ogre
 14950 | D:13     | Killed a two-headed ogre
 15156 | D:13     | Reached skill level 14 in Long Blades
 15343 | D:13     | Noticed a centaur warrior
 15350 | D:13     | Killed a centaur warrior
 15431 | D:13     | Noticed a two-headed ogre
 15437 | D:13     | Killed a two-headed ogre
 15628 | D:14     | Noticed Azrael
 15652 | D:14     | Killed Azrael
 16128 | D:14     | Noticed a two-headed ogre
 16128 | D:14     | Noticed a two-headed ogre
 16129 | D:14     | Noticed a two-headed ogre
 16130 | D:14     | Noticed an ogre mage
 16130 | D:14     | Noticed a two-headed ogre
 16130 | D:14     | Noticed a two-headed ogre
 16135 | D:14     | Noticed a two-headed ogre
 16139 | D:14     | Killed a two-headed ogre
 16147 | D:14     | Killed an ogre mage
 16153 | D:14     | Killed a two-headed ogre
 16154 | D:14     | Reached XP level 13. HP: 102/104 MP: 12/12
 16407 | D:14     | Reached skill level 5 in Stealth
 16418 | D:14     | Reached skill level 15 in Long Blades
 17237 | D:14     | Identified a scroll of acquirement
 17237 | D:14     | Acquired the +6 crystal plate armour of the Undertaker {rC-
                  | rCorr Str+4 Dex+2}
 17619 | D:14     | Found a gate to the Vaults.
 17895 | D:15     | Entered Level 15 of the Dungeon
 18025 | D:15     | Found a blossoming altar of Fedhas.
 18358 | D:15     | Reached XP level 14. HP: 99/116 MP: 13/13
 18869 | D:15     | Found a staircase to the Depths.
 18885 | D:15     | Paralysed by a great orb of eyes for 3 turns
 18890 | D:15     | Reached skill level 16 in Long Blades
 19505 | D:13     | Found an iron altar of Okawaru.
 19899 | Orc:1    | Entered Level 1 of the Orcish Mines
 20783 | Orc:2    | Entered Level 2 of the Orcish Mines
 20783 | Orc:2    | Found a staircase to the Elven Halls.
 21433 | Orc:2    | Found an ancient bone altar of Kikubaaqudgha.
 21449 | Orc:2    | Found Liamn's Book Shoppe.
 21469 | Orc:2    | Paralysed by an orc sorcerer for 4 turns
 21479 | Orc:2    | Found a radiant altar of Vehumet.
 21764 | Orc:2    | Bought a manual of Long Blades for 1120 gold pieces
 22025 | Orc:2    | Found Dacuk's Antique Weapon Emporium.
 22026 | Orc:2    | Found Esinissi's Antique Armour Shoppe.
 22044 | Orc:2    | Found Guacsaos's Magic Scroll Emporium.
 22306 | Elf:1    | Entered Level 1 of the Elven Halls
 22312 | Elf:1    | Found the necklace of Bloodlust {*Rage Will++ Int-3 Slay+6}
 22319 | Elf:1    | Reached skill level 15 in Armour
 22606 | Elf:1    | Reached skill level 17 in Long Blades
 22778 | Elf:1    | Reached ****** piety under Hepliaklqana
 23029 | Elf:1    | Noticed a deep elf elementalist
 23096 | Elf:1    | Killed a deep elf elementalist
 24509 | Elf:1    | Paralysed by an air elemental for 1 turns
 24514 | Elf:1    | Paralysed by an air elemental for 1 turns
 24609 | Elf:1    | Reached XP level 15. HP: 125/125 MP: 14/14
 24627 | Elf:1    | Found a runed translucent gate.
 24627 | Elf:1    | Found a runed translucent gate.
 24627 | Elf:1    | Found a runed translucent gate.
 24627 | Elf:1    | Found a runed translucent gate.
 24627 | Elf:1    | Found a runed translucent gate.
 24628 | Elf:1    | Noticed a storm dragon
 24629 | Elf:1    | Noticed a storm dragon
 24640 | Elf:1    | Reached skill level 15 in Fighting
 24642 | Elf:1    | Found a runed translucent gate.
 25036 | Elf:1    | Reached skill level 10 in Shields
 25836 | Elf:2    | Noticed Louise
 25844 | Elf:2    | Noticed a storm dragon
 25844 | Elf:2    | a shock serpent changed into a storm dragon
 26147 | Elf:2    | Noticed an azure jelly
 26147 | Elf:2    | a storm dragon changed into an azure jelly
 26247 | Elf:1    | an azure jelly changed into a death yak
 26287 | Elf:1    | Reached skill level 18 in Long Blades
 26355 | Elf:2    | Killed Louise
 26747 | Elf:2    | HP: 2/126 [deep elf high priest/a malign offering (20)]
 26748 | Elf:2    | Killed from afar by a deep elf zephyrmancer

Illustrated notes

Levels and vault maps discovered:
D:1:      ldierk_water_garden, layout_basic, serial_shops, shop,
          minmay_tetromino_l2
D:2:      layout_basic, shapermc_ecumenical_altar_ellora, serial_shops,
          nicolae_shop_hallway_plus, basic_altar
D:3:      wad_crossroads, layout_loops_ring, marbit_many_paths, uniq_robin,
          uniq_natasha
D:4:      minmay_polygon_palace, layout_rooms, lemuel_round_altar,
          kennysheep_pointless_box, kennysheep_big_empty_room, uniq_eustachio,
          uniq_duvessa
D:5:      layout_gridville, trog_book, serial_shops, nicolae_square_shop,
          nicolae_shop_behind_doors, lightli_ossuary_entry_decrepit_ruins
D:6:      nicolae_cairo_tiling_large, layout_rooms, lemuel_temple_firewalk_b,
          uniq_edmund
D:7:      layout_rooms, uniq_crazy_yiuf_cottage
D:8:      minmay_statue_hallways, layout_layer_cave, kennysheep_little_box,
          minmay_shattered_shrine, uniq_maggie, uniq_psyche
D:9:      layout_roguey, mainiacjoe_overflow_brackets,
          ebering_ghost_inner_flame, kennysheep_island_fort
D:10:     layout_loops_ring, evilmike_ruin_ashenzari, dpeg_oklobed_lair,
          serial_shops, kennysheep_mini_moat
D:11:     layout_gridville, corner_web_ring, nicolae_stop_n_shop_1,
          grunt_livestock
D:12:     layout_basic, orc_0_dummy, worms_lemuel
D:13:     layout_cave_pools, serial_park, serial_park_square1
          [serial_park_minivault_5x5_2], serial_park_tiny_1, serial_park_gazebo
          [serial_park_minivault_5x5_5], hangedman_decor_push, okawaru_trees_2
D:14:     layout_basic, david_vaults_5, grunt_decor_mini_mirrors,
          david_defended_altar_orc, uniq_azrael
D:15:     hangedman_depths_entry_try_elsewhere_first, layout_basic,
          fedhas_altar_3, minmay_hedge_maze
Temple:   regret_index_temple_sphere_string
Orc:1:    layout_diamond_mine, minmay_orc_temple_a
Orc:2:    kennysheep_orc_mage_school, layout_diamond_mine
Elf:1:    eino_elf_arrival_shootout, layout_loops_corners, orc_legates,
          dk_noncrumbling_4, nicolae_elf_glass_and_crystal_pillar_2,
          einodemon_crawler_minivault
Elf:2:    nicolae_elf_blades_splatter_lattice
          [nicolae_vaults_blade_armed_guards], layout_gridlike, serial_glass,
          glass_columns_b, glass_columns_a, glass_columns_c, serial_shops,
          shop_statue, nicolae_take_the_stairs, columned_hall_lemuel,
          uniq_louise, uniq_asterion

Skill      XL: |  1  2  3  4  5  6  7  8  9 10 11 12 13 14 15 |
---------------+----------------------------------------------+-----
Axes           | 4 5 6 7 10 | 10.8
Fighting       | 4 5 7 8 10 11 13 14 15 | 15.5
Dodging        | 4 5 6 7 |  7.9
Armour         | 2 3 4 6 7 8 10 11 12 14 15 16 | 16.1
Stealth        | 2 3 4 5 6 |  6.5
Shields        | 2 4 5 6 7 9 11 | 11.1
Long Blades    | 6 9 12 14 15 17 18 | 18.4
Throwing       | 1 2 3 4 |  4.3

Action                   |  1- 3 |  4- 6 |  7- 9 | 10-12 | 13-15 || total
-------------------------+-------+-------+-------+-------+-------++-------
Melee: Hand axe          |   102 |   126 |    98 |       |       ||   326
       Headbutt          |    16 |    29 |    74 |   134 |   236 ||   489
       Punch             |     1 |     1 |     5 |     3 |     4 ||    14
       War axe           |       |       |   136 |       |       ||   136
       Long sword        |       |       |    74 |   436 |   791 ||  1301
Throw: Dart              |     3 |       |       |       |       ||     3
       Stone             |    16 |       |    11 |       |       ||    27
       Boomerang         |       |       |       |     7 |    30 ||    37
Invok: Ancestor Life: Ba |       |       |     1 |       |       ||     1
  Use: Scroll            |     1 |       |     6 |    12 |     4 ||    23
       Potion            |       |     2 |     2 |     4 |     3 ||    11
 Stab: Sleeping          |     1 |       |       |     1 |       ||     2
       Distracted        |       |       |     1 |     8 |    16 ||    25
Armor: Robe              |    11 |       |       |       |       ||    11
       Ring mail         |    19 |    11 |       |       |       ||    30
       Chain mail        |       |    58 |   224 |    43 |       ||   325
       Acid dragon scale |       |       |       |    26 |       ||    26
       Plate armour      |       |       |       |   110 |    51 ||   161
       Crystal plate arm |       |       |       |       |   237 ||   237
Dodge: Dodged            |    79 |    63 |   148 |   199 |   283 ||   772
Block: Other             |       |       |    39 |    68 |    22 ||   129
       Reflection        |       |       |     2 |     9 |    34 ||    45
       Buckler           |       |       |       |       |   214 ||   214
       Tower shield      |       |       |       |       |    37 ||    37
